 Dungeon Crawl Stone Soup version 0.21.1-1-g345015f (webtiles) character file.

46 letownia2 the Insei (level 3, -3/26 HPs)
             Began as a Merfolk Transmuter on Mar 14, 2018.
             Killed by divine providence
             ... invoked by an orc priest
              (10 damage)
             ... on level 3 of the Dungeon.
             The game lasted 00:02:31 (436 turns).

letownia2 the Insei (Merfolk Transmuter)             Turns: 436, Time: 00:02:33

Health: -3/26      AC:  2    Str: 11    XL:     3   Next: 66%
Magic:  2/6        EV: 13    Int: 12    God:
Gold:   53         SH:  0    Dex: 14    Spells: 0/6 levels left

rFire    . . .     SeeInvis .     - Unarmed
rCold    . . .     Gourm    .   (no shield)
rNeg     . . .     Faith    .   b - +0 robe
rPois    .         Spirit   .   (no helmet)
rElec    .         Reflect  .   f - scarf {cloud immunity}
rCorr    .         Harm     .   (no gloves)
MR       .....                  (no boots)
Stlth    +.........             (no amulet)
HPRegen  0.08/turn              (no ring)
MPRegen  0.10/turn              (no ring)

@: appendage
A: change form in water, swift swim, stealthy swim, horns 2
a: End Transformation


You were on level 3 of the Dungeon.
You were not hungry.
You had grown temporary horns.
You visited 1 branch of the dungeon, and saw 3 of its levels.

You collected 53 gold pieces.

Inventory:

Missiles
 a - 28 arrows
Armour
 b - a +0 robe (worn)
 f - a scarf of cloud immunity (worn)
 g - a +0 ring mail
Scrolls
 i - a scroll of remove curse {unknown}
 j - a scroll of magic mapping {unknown}
Potions
 e - 3 potions of curing {unknown}
 h - a potion of heal wounds {unknown}
Books
 c - a book of Changes

   Spells                             Type                      Level
   a - Beastly Appendage              Transmutation                1
   b - Sticks to Snakes               Transmutation                2
   c - Spider Form                    Transmutation/Poison         3
   d - Ice Form                       Ice/Transmutation            4
   e - Blade Hands                    Transmutation                5
Comestibles
 d - 2 rations


   Skills:
 - Level 1.1 Fighting
 - Level 2.6 Dodging
 - Level 4.5 Unarmed Combat
 - Level 2.0 Spellcasting
 + Level 3.2 Transmutations
 - Level 1.0 Poison Magic


You couldn't memorise any spells.
You knew the following spells:

 Your Spells              Type           Power        Failure   Level  Hunger
a - Beastly Appendage     Tmut           #.....       8%          1    ##.....
l - Sticks to Snakes      Tmut           #.......     11%         2    ###....
p - Spider Form           Tmut/Pois      #.........   34%         3    ####...


Dungeon Overview and Level Annotations

Branches:
Dungeon (3/15)

Altars:


Innate Abilities, Weirdness & Mutations

You revert to your normal form in water.
You are very nimble and swift while swimming.
You are very stealthy in the water. (Stealth+)
You have a pair of horns on your head.


Message History

Unknown command.
Your horns disappear.
j - a scroll labeled INAMUF YTOD
Found 13 sling bullets.
An orc priest comes into view. It is wielding a club.
The orc priest shouts!
Your magical contamination has completely faded away.
Casting: Beastly Appendage
Confirm with . or Enter, or press ? or * to list all spells.
You grow a pair of large bovine horns.
You hit the orc priest but do no damage.
The orc priest hits you but does no damage.
An orc wizard comes into view. It is wielding an enchanted dagger.
The orc wizard shouts!
You hit the orc priest but do no damage.
The orc wizard mumbles some strange words.
The orc wizard seems to speed up.
The orc priest invokes the aid of Beogh against you.
Beogh smites you!
You die...

#. # # #. .###
#... ..# (.o #.# #
#o# ####.#
#@###########.....
#.............#
#############.#
#.# #.# #.# #.####
#..... ######


You could see an orc priest and an orc wizard.

Vanquished Creatures
  A hound zombie (D:3)
  2 adders (D:2)
  2 leopard geckos
  A giant cockroach (D:3)
  A kobold (D:2)
  A quokka (D:3)
  A ball python (D:2)
  2 bats
  A frilled lizard (D:3)
  A goblin (D:2)
  2 rats
15 creatures vanquished.

Notes
Turn   | Place    | Note
-------+----------+-------------------------------------------
     0 | D:1      | letownia2 the Merfolk Transmuter began the quest for the Orb.
     0 | D:1      | Reached XP level 1. HP: 15/15 MP: 3/3
    61 | D:2      | Reached skill level 4 in Unarmed Combat
    61 | D:2      | Reached XP level 2. HP: 21/21 MP: 3/5
    69 | D:2      | Learned a level 2 spell: Sticks to Snakes
   112 | D:2      | Reached XP level 3. HP: 9/26 MP: 4/6
   239 | D:1      | Learned a level 3 spell: Spider Form
   419 | D:3      | Reached skill level 1 in Poison Magic
   436 | D:3      | Killed from afar by an orc priest

Skill      XL: |  1  2  3 |
---------------+----------+-----
Unarmed Combat | 4 |  4.5
Transmutations | 3 |  3.2
Poison Magic   | 1 |  1.0
Fighting       | |  1.1
Dodging        | |  2.6
Spellcasting   | |  2.0

Action                   || total
-------------------------++-------
Melee: Unarmed           ||    55
       Headbutt          ||     5
       Punch             ||     2
 Cast: Beastly Appendage ||    10
       Spider Form       ||     1
 Stab: Sleeping          ||     1
Armor: Robe              ||    13
Dodge: Dodged            ||    37
